 Dungeon Crawl Stone Soup version 0.20.1-1-g8b1a95d (webtiles) character file.

203 Linguinho the Skirmisher (level 5, 0/41 HPs)
             Began as a Demonspawn Fighter on Nov 12, 2017.
             Killed by divine providence
             ... invoked by an orc priest
              (14 damage)
             ... on level 3 of the Dungeon.
             The game lasted 00:02:48 (1722 turns).

Linguinho the Skirmisher (Demonspawn Fighter)       Turns: 1722, Time: 00:02:49

Health: 0/41       AC: 12    Str: 17    XL:     5   Next: 51%
Magic:  5/5        EV:  3    Int: 10    God:
Gold:   119        SH:  9    Dex: 12    Spells: 4/4 levels left

rFire    . . .     SeeInvis .   a - +0 war axe
rCold    . . .     Gourm    .   c - +0 shield
rNeg     . . .     Faith    .   s - +0 plate armour
rPois    .         Spirit   .   (helmet restricted)
rElec    .         Reflect  .   (no cloak)
rCorr    .         Harm     .   (no gloves)
MR       .....                  k - +0 pair of boots
Stlth    ..........             (no amulet)
Regen    0.2/turn               (no ring)
MPRegen  0.1/turn               (no ring)

@: no status effects
A: antennae 1, claws 1, talons 1
a: no special abilities


You were on level 3 of the Dungeon.
You were hungry.

You visited 1 branch of the dungeon, and saw 3 of its levels.

You collected 119 gold pieces.

Inventory:

Hand Weapons
 a - a +0 war axe (weapon)
Armour
 b - a +0 scale mail
 c - a +0 shield (worn)
 k - a +0 pair of boots (worn)
 s - a +0 plate armour (worn)
Jewellery
 r - a +4 ring of dexterity {unknown}
Scrolls
 e - 3 scrolls of remove curse {unknown}
 i - 2 scrolls of identify {unknown}
 l - 2 scrolls of teleportation {unknown}
 m - a scroll of fear {unknown}
 p - 2 scrolls of recharging {unknown}
Potions
 j - a potion of brilliance {unknown}
 n - a potion of degeneration {unknown}
 o - 2 potions of curing {unknown}
 q - a potion of mutation {unknown}
Comestibles
 d - a meat ration
 f - a bread ration
 h - 2 royal jellies


   Skills:
 + Level 3.5 Fighting
 + Level 3.5 Axes
 + Level 3.5 Armour
 + Level 1.3 Dodging
 + Level 3.2 Shields


You had 4 spell levels left.
You didn't know any spells.

Dungeon Overview and Level Annotations

Branches:
Dungeon (3/15)

Altars:


Innate Abilities, Weirdness & Mutations

You have a pair of small antennae on your head.
You have sharp fingernails.
You have sharp toenails.


Message History

You are too injured to fight recklessly!
You are too injured to fight recklessly!
You are too injured to fight recklessly!
You are too injured to fight recklessly!
You are too injured to fight recklessly!
You are too injured to fight recklessly!
You are too injured to fight recklessly!
You are too injured to fight recklessly!
You are too injured to fight recklessly!
You are too injured to fight recklessly!
You are too injured to fight recklessly!
Your plate armour prevents you from hitting the orc wizard.
The orc wizard is heavily wounded.
The orc wizard hits you but does no damage. x2
Your plate armour prevents you from hitting the orc wizard.
The orc wizard is heavily wounded.
The orc wizard hits you but does no damage.
The orc priest calls down the wrath of Beogh upon you.
Beogh smites you!
You die...

###.# #†#...####
#..##...... #...#
#.#####<####..####....
#.### #.#
#...#..#.#####.#. #.#
#.# #.♣.#............
#.# #..
#†..#..#.#####.## #.#
### ##.##....# #.##
#.# ### ##'####<.#
#... #.#
#..o##...###..# ####
#.# ♣oo@.♣.'.#.## #.#
#...##...#...# #.# ###
##+####.# #.###### #.#
#......# ###### #.#
######.# #....#
###.### #### #.#
#.#### #.....# #...
#.# #.# #.###.####.##
#.####.# ######.#
#......##


You could see an orc priest, an orc wizard and an orc.

Vanquished Creatures
  An ice beast (D:3)
  An orc priest (D:3)
  4 adders
  2 leopard geckos
  5 orcs (D:3)
  4 giant cockroaches
  3 kobolds
  2 quokkas
  A ball python (D:3)
  9 bats
  2 goblins (D:1)
  4 rats
38 creatures vanquished.

Notes
Turn   | Place    | Note
-------+----------+-------------------------------------------
     0 | D:1      | Linguinho the Demonspawn Fighter began the quest for the Orb.
     0 | D:1      | Reached XP level 1. HP: 18/18 MP: 1/1
   472 | D:1      | Gained mutation: You have sharp fingernails. [demonic ancestry]
   472 | D:1      | Reached XP level 2. HP: 22/24 MP: 2/2
   775 | D:2      | Reached XP level 3. HP: 25/29 MP: 3/3
  1382 | D:3      | Noticed an ice beast
  1386 | D:3      | Gained mutation: You have a pair of small antennae on your head. [demonic ancestry]
  1386 | D:3      | Reached XP level 4. HP: 35/35 MP: 4/4
  1389 | D:3      | Killed an ice beast
  1389 | D:3      | Reached skill level 1 in Dodging
  1389 | D:3      | Gained mutation: You have sharp toenails. [demonic ancestry]
  1389 | D:3      | Reached XP level 5. HP: 41/41 MP: 5/5
  1722 | D:3      | Killed from afar by an orc priest

Skill      XL: |  1  2  3  4 |
---------------+-------------+-----
Armour         | 3 |  3.5
Axes           | 2 3 |  3.5
Shields        | 3 |  3.2
Dodging        | 1 |  1.3
Fighting       | |  3.5

Action                   |  1- 3 |  4- 6 || total
-------------------------+-------+-------++-------
Melee: War axe           |    94 |    60 ||   154
  Use: Potion            |     3 |       ||     3
  Eat: Chunk             |     2 |       ||     2
Armor: Scale mail        |    41 |       ||    41
       Plate armour      |    53 |    54 ||   107
       Skin              |    30 |    10 ||    40
Dodge: Dodged            |    30 |    12 ||    42
Block: Shield            |    76 |    38 ||   114
